 Dungeon Crawl Stone Soup version 0.29.0-4-gdea44cf6ec (webtiles) character file.

Game seed: 9424004567920477142

162 qw the Chopper (level 5, -1/30 HPs)
             Began as a Tengu Warper on Aug 28, 2022.
             Slain by a gnoll
             ... wielding a +0 spear
              (2 damage)
             ... on level 4 of the Dungeon.
             The game lasted 00:00:14 (2471 turns).

qw the Chopper (Tengu Warper)                       Turns: 2471, Time: 00:00:15

Health: -1/30      AC:  9    Str: 14    XL:     5   Next: 43%
Magic:  9/9        EV:  3    Int: 13    God:
Gold:   219        SH: 13    Dex: 13    Spells: 8/8 levels left

rFire   . . .      SeeInvis .   Y - +0 war axe
rCold   . . .      Faith    .   i - +0 tower shield
rNeg    . . .      Spirit   .   l - +0 chain mail
rPois   .          Reflect  .   (helmet restricted)
rElec   .          Harm     .   (no cloak)
rCorr   .          Rampage  .   b - +0 pair of gloves
Will    .....                   (boots unavailable)
Stlth   ..........              (no amulet)
HPRegen 0.10/turn               (no ring)
MPRegen 0.11/turn               (no ring)

@: flying quickly and evasively, quick
A: beak, talons 3, nimble flight
a: no special abilities


You were on level 4 of the Dungeon.
You visited 1 branch of the dungeon, and saw 4 of its levels.

You collected 219 gold pieces.


Innate Abilities, Weirdness & Mutations

You have a beak for a mouth.
You have claws for feet.
Your magical nature lets you fly swiftly and evasively.


   Skills:
 - Level 2.0 Fighting
 - Level 4.0 Axes
 - Level 1.0 Throwing
 - Level 1.1 Armour
 - Level 2.1 Dodging
 + Level 3.8 Shields
 - Level 2.0 Spellcasting
 - Level 2.4 Translocations


You had 8 spell levels left.
You didn't know any spells.
Your spell library contained the following spells:

 Spells                   Type           Power      Damage    Failure   Level
 Blink                    Tloc           14%        N/A       100%        2
 Gell's Gravitas          Tloc           7%         N/A       100%        3
 Lesser Beckoning         Tloc           7%         N/A       100%        3
 Teleport Other           Tloc           7%         N/A       100%        3
 Manifold Assault         Tloc           7%         N/A       100%        5

Inventory:

Hand Weapons
 c - a +1 whip of freezing
 Y - a +0 war axe (weapon)
Armour
 b - a +0 pair of gloves (worn)
 i - a +0 tower shield (worn)
 l - a +0 chain mail (worn)
Scrolls
 h - a scroll of vulnerability {unknown}
Potions
 a - a potion of attraction {unknown}
 d - a potion of heal wounds {unknown}
 e - a potion of magic {unknown}
 f - a potion of berserk rage {unknown}
 g - a potion of curing
 j - a potion of flight {unknown}
 k - a potion of mutation {unknown}

Dungeon Overview and Level Annotations

Branches:
Dungeon (4/15)
 Temple: D:4-7

Altars:
Gozag

Shops:
D:2 (


Message History

You block the gnoll's attack. The gnoll hits you with a +0 halberd.
You see here a +0 flail.
You closely miss the gnoll. Your kick misses the gnoll.
The gnoll completely misses you. The gnoll barely misses you.
You block the gnoll's attack. The gnoll hits you but does no damage.
You hit the gnoll but do no damage. You peck the gnoll.
The gnoll is moderately wounded.
The gnoll hits you from afar with a +0 spear.
You block the gnoll's attack.
You closely miss the gnoll.
The gnoll is moderately wounded.
You block the gnoll's attack.
The gnoll hits you with a +0 halberd. x2
You block the gnoll's attack.
You slash the gnoll! Your peck misses the gnoll.
The gnoll is almost dead.
You block the gnoll's attack. x2; The gnoll hits you with a +0 halberd!
The gnoll hits you but does no damage.
You closely miss the gnoll. Your kick misses the gnoll.
The gnoll is almost dead.
You block the gnoll's attack. The gnoll hits you but does no damage.
You closely miss the gnoll. Your kick misses the gnoll.
Your peck misses the gnoll.
The gnoll is almost dead.
You block the gnoll's attack. The gnoll hits you but does no damage.
The gnoll barely misses you.
The gnoll hits you from afar with a +0 spear.
You slash the gnoll!
You kill the gnoll!
The gnoll hits you but does no damage. You block the gnoll's attack.
Found a stone staircase leading up.
The gnoll hits you but does no damage.
You see here a +0 halberd.
Enter note: You slash the gnoll!
You claw the gnoll. Your peck misses the gnoll.
The gnoll is severely wounded.
You block the gnoll's attack.
You barely miss the gnoll.
The gnoll is severely wounded.
You block the gnoll's attack. The gnoll hits you with a +0 spear.
You die...

... ... #.# # ##.## ##
... # .## #.# .# ..#
##.######..#### ..#
#.....)@g......
..########..######.####<
............# #
##########.## # #.# #
#.# # ... # ... # ...#


You could see a gnoll.

Vanquished Creatures
  A jelly (D:4)
  2 gnolls (D:4)
  5 adders
  A worm (D:3)
  An orc (D:3)
  4 ball pythons
  8 bats
  4 endoplasms
  3 giant cockroaches
  5 goblins
  5 hobgoblins
  3 jackals (D:1)
  4 quokkas
  5 frilled lizards
  4 kobolds
  6 rats
61 creatures vanquished.

Notes
Turn   | Place    | Note
-------+----------+-------------------------------------------
     0 | D:1      | qw the Tengu Warper began the quest for the Orb.
     0 | D:1      | Reached XP level 1. HP: 12/12 MP: 4/4
     0 | D:1      | 0 ||| qw: Version: 0.1-a-89-g26bdef1
     0 | D:1      | 0 ||| qw: Game counter: 1676
     0 | D:1      | 0 ||| qw: Always use a shield: true
     0 | D:1      | 0 ||| qw: God list: Okawaru
     0 | D:1      | 0 ||| qw: Allow faded altars: false
     0 | D:1      | 0 ||| qw: Do Orc after D:15 true
     0 | D:1      | 0 ||| qw: Do second Lair branch before Depths: true
     0 | D:1      | 0 ||| qw: Lair rune preference: random
     0 | D:1      | 0 ||| qw: Plans: Normal
     0 | D:1      | 0 ||| PLANNING D:1-11
   120 | D:1      | 120 ||| Stepping ~*~*~tactically~*~*~ (stealth).
   130 | D:1      | 130 ||| Stepping ~*~*~tactically~*~*~ (stealth).
   131 | D:1      | 131 ||| Stepping ~*~*~tactically~*~*~ (stealth).
   134 | D:1      | Reached XP level 2. HP: 17/17 MP: 6/6
   140 | D:1      | Reached skill level 3 in Axes
   461 | D:1      | 461 ||| Stepping ~*~*~tactically~*~*~ (stealth).
   623 | D:1      | Reached XP level 3. HP: 21/21 MP: 7/7
   765 | D:1      | Reached skill level 4 in Axes
   887 | D:1      | 887 ||| UPGRADING to +0 tower shield.
   892 | D:1      | 892 ||| READING scroll labelled EMMEAX ATHREL.
   893 | D:1      | 893 ||| DROPPING scroll of blinking.
   969 | D:2      | Reached skill level 1 in Shields
  1130 | D:2      | Reached XP level 4. HP: 26/26 MP: 8/8
  1171 | D:2      | Found an opulent altar of Gozag.
  1287 | D:2      | 1287 ||| DROPPING +0 club.
  1309 | D:2      | Found Diuwk's Antique Weapon Boutique.
  1318 | D:2      | 1318 ||| SHOPLISTING fading whip (225 gold, have 130).
  1318 | D:2      | 1318 ||| SHOPLISTING glowing mace (180 gold, have 130).
  1318 | D:2      | 1318 ||| SHOPLISTING runed hand axe (180 gold, have 130).
  1318 | D:2      | 1318 ||| SHOPLISTING runed mace (180 gold, have 130).
  1468 | D:2      | 1468 ||| SWAPPING to +0 war axe.
  1469 | D:2      | 1469 ||| DROPPING +0 hand axe.
  1494 | D:2      | 1494 ||| UPGRADING to +0 ring mail.
  1504 | D:2      | 1504 ||| DROPPING +0 leather armour.
  1505 | D:2      | 1505 ||| READING scroll labelled HIMUCV UNOMYM GEE.
  1616 | D:3      | 1616 ||| Stepping ~*~*~tactically~*~*~ (stealth).
  1769 | D:3      | Found a faded altar of an unknown god.
  1992 | D:3      | 1992 ||| Stepping ~*~*~tactically~*~*~ (stealth).
  2150 | D:3      | 2150 ||| UPGRADING to +0 pair of gloves.
  2155 | D:3      | 2155 ||| UPGRADING to +0 chain mail.
  2165 | D:3      | 2165 ||| DROPPING +0 ring mail.
  2166 | D:3      | 2166 ||| READING scroll labelled KUDORUI XAABE.
  2167 | D:3      | 2167 ||| DRINKING 2 metallic cyan potions.
  2242 | D:4      | Reached skill level 3 in Shields
  2242 | D:4      | Gained mutation: Your magical nature lets you fly swiftly
                  | and evasively. [Tengu growth]
  2242 | D:4      | Reached XP level 5. HP: 24/30 MP: 9/9
  2409 | D:4      | 2409 ||| Stepping ~*~*~tactically~*~*~ (stealth).
  2465 | D:4      | HP: 1/30 [gnoll/+0 halberd (7)]
  2471 | D:4      | Slain by a gnoll

Levels and vault maps discovered:
D:1:      amcnicky_arrival_flooded_fountain, layout_loops_ring, chequers_jeans
D:2:      layout_rooms, serial_shops, nicolae_shop_advertising_works
          [nicolae_subvault_shop_adworks], basic_altar
D:3:      minmay_spotlight, layout_basic,
          hellmonk_ecumenical_altar_heavens_door, minmay_strange_pillars
D:4:      layout_loops_ring

Skill      XL: |  1  2  3  4 |
---------------+-------------+-----
Axes           | 3 4 |  4.0
Shields        | 2 3 |  3.8
Fighting       | |  2.0
Throwing       | |  1.0
Armour         | |  1.1
Dodging        | |  2.1
Spellcasting   | |  2.0
Translocations | |  2.4

Action                   |  1- 3 |  4- 6 || total
-------------------------+-------+-------++-------
Melee: Hand axe          |    75 |    15 ||    90
       Kick              |    18 |    15 ||    33
       Peck              |     6 |     5 ||    11
       War axe           |       |    52 ||    52
Throw: Boomerang         |     7 |       ||     7
  Use: Scroll            |     1 |     2 ||     3
       Potion            |       |     1 ||     1
Armor: Leather armour    |    24 |     3 ||    27
       Ring mail         |       |     6 ||     6
       Chain mail        |       |    10 ||    10
Dodge: Dodged            |    34 |    12 ||    46
Block: Tower shield      |    16 |    46 ||    62

Table legend:
 A = Non-vault XP
 B = Vault XP
 C = Vault XP percentage of total XP
 D = Non-vault monster count
 E = Vault monster count
 F = Vault count percentage of total count
                 A         B        C        D         E       F
            +---------+---------+-------+---------+---------+-------
      Total |     215 |      17 |   7.3 |      58 |       3 |   4.9
            +---------+---------+-------+---------+---------+-------
        D:1 |      45 |       0 |   0.0 |      26 |       0 |   0.0
        D:2 |      56 |       0 |   0.0 |      15 |       0 |   0.0
        D:3 |      21 |      17 |  44.7 |      11 |       3 |  21.4
        D:4 |      93 |       0 |   0.0 |       6 |       0 |   0.0
            +---------+---------+-------+---------+---------+-------
